| TOP OF THE 1ST |
|
St. Louis Cardinals batting - Pitching for Montreal Expos : RHP Antonio Atayde
|
|
Pitching: RHP Antonio Atayde
|
|
|
Batting: SHB Otis Nixon
|
0-0: Called Strike 0-1: Ball 1-1: Foul Ball, location: 2F 1-2: Strikes out swinging
|
|
Batting: LHB Jim Gantner
|
0-0: Ball 1-0: Called Strike 1-1: Ball 2-1: Foul Ball, location: 2F 2-2: Foul Ball, location: 2F 2-2: Foul Ball, location: 2F 2-2: Foul Ball, location: 2F 2-2: Ball 3-2: SINGLE (Groundball, 23, EV 76.3 MPH) (infield hit)
|
|
Batting: RHB Sixto Lezcano
|
0-0: Ball 1-0: Fielders Choice at 2nd, 6-4 (Groundball, 6, EV 81.3 MPH)
|
|
Batting: LHB Pat Putnam
|
0-0: Ball Sixto Lezcano steals 2nd base (no throw) 1-0: Called Strike 1-1: Swinging Strike 1-2: Foul Ball, location: 2F 1-2: Ball 2-2: Fly out, F7 (Line Drive, 7, EV 96.3 MPH)
|
| Top of the 1st over - 0 runs, 1 hit, 0 errors, 1 left on base; St. Louis 0 - Montreal 0 |
| BOTTOM OF THE 1ST |
|
Montreal Expos batting - Pitching for St. Louis Cardinals : RHP Tom Candiotti
|
|
Pitching: RHP Tom Candiotti
|
|
|
Batting: LHB Duane Walker
|
0-0: Ground out 2-3 (Groundball, 15S, EV 71.3 MPH)
|
|
Batting: SHB Garry Templeton
|
0-0: Ball 1-0: Ball 2-0: Called Strike 2-1: Ground out 4-3 (Groundball, 4, EV 101.3 MPH)
|
|
Batting: LHB Kirk Gibson
|
0-0: Ball 1-0: Ball 2-0: Ball 3-0: Called Strike 3-1: Base on Balls
|
|
Batting: RHB Dale Murphy
|
0-0: Ball 1-0: Ball 2-0: Ball 3-0: Called Strike 3-1: Foul Ball, location: 2F 3-2: Base on Balls Kirk Gibson to second
|
|
Batting: RHB Dave Winfield
|
0-0: Ball 1-0: Ball 2-0: Ball 3-0: Base on Balls Kirk Gibson to third Dale Murphy to second
|
|
Batting: LHB Timnothy Meyer
|
0-0: Fly out, F5 (Popup, 5F, EV 63.1 MPH)
|
| Bottom of the 1st over - 0 runs, 0 hits, 0 errors, 3 left on base; St. Louis 0 - Montreal 0 |
| TOP OF THE 2ND |
|
St. Louis Cardinals batting - Pitching for Montreal Expos : RHP Antonio Atayde
|
|
Batting: RHB Bob Watson
|
0-0: Called Strike 0-1: Foul Ball, location: 2F 0-2: Ball 1-2: Foul Ball, location: 2F 1-2: Ball 2-2: Strikes out swinging
|
|
Batting: LHB Mike Davis
|
0-0: Fly out, F3 (Line Drive, 3, EV 68.1 MPH)
|
|
Batting: RHB Joe Torre
|
0-0: Ball 1-0: Foul Ball, location: 2F 1-1: Ball 2-1: Called Strike 2-2: Ball 3-2: Foul Ball, location: 2F 3-2: Strikes out swinging
|
| Top of the 2nd over - 0 runs, 0 hits, 0 errors, 0 left on base; St. Louis 0 - Montreal 0 |
| BOTTOM OF THE 2ND |
|
Montreal Expos batting - Pitching for St. Louis Cardinals : RHP Tom Candiotti
|
|
Batting: LHB Ernesto Quevedo
|
0-0: Ball 1-0: Ball 2-0: Ball 3-0: Called Strike 3-1: Ground out 5-3 (Groundball, 56, EV 102.5 MPH)
|
|
Batting: SHB Biff Pocoroba
|
0-0: Ball 1-0: Called Strike 1-1: Called Strike 1-2: Ball 2-2: Ball 3-2: Foul Ball, location: 2F 3-2: Ground out 4-3 (Groundball, 4S, EV 68.8 MPH)
|
|
Batting: RHB Antonio Atayde
|
0-0: Called Strike 0-1: Foul Ball, location: 2F 0-2: Ball 1-2: Strikes out swinging
|
| Bottom of the 2nd over - 0 runs, 0 hits, 0 errors, 0 left on base; St. Louis 0 - Montreal 0 |
| TOP OF THE 3RD |
|
St. Louis Cardinals batting - Pitching for Montreal Expos : RHP Antonio Atayde
|
|
Batting: SHB Billy E Smith
|
0-0: Ball 1-0: Ground out 6-3 (Groundball, 56D, EV 106.3 MPH)
|
|
Batting: RHB Tom Candiotti
|
0-0: Ball 1-0: Foul Ball, location: 2F 1-1: Called Strike 1-2: Ground out 6-3 (Groundball, 6, EV 99.4 MPH)
|
|
Batting: SHB Otis Nixon
|
0-0: Ball 1-0: Foul Ball, location: 2F 1-1: Foul Ball, location: 2F 1-2: Ball 2-2: Ground out 6-3 (Groundball, 6, EV 77.5 MPH)
|
| Top of the 3rd over - 0 runs, 0 hits, 0 errors, 0 left on base; St. Louis 0 - Montreal 0 |
| BOTTOM OF THE 3RD |
|
Montreal Expos batting - Pitching for St. Louis Cardinals : RHP Tom Candiotti
|
|
Batting: LHB Duane Walker
|
0-0: Ball 1-0: Foul Ball, location: 2F 1-1: Ball 2-1: SINGLE (Groundball, 5, EV 107.5 MPH)
|
|
Batting: SHB Garry Templeton
|
0-0: Called Strike 0-1: Ball 1-1: Foul Ball, location: 2F 1-2: Strikes out swinging
|
|
Batting: LHB Kirk Gibson
|
0-0: Ball 1-0: Foul Ball, location: 2F 1-1: SINGLE (Line Drive, 89S, EV 102.5 MPH) Duane Walker to second Runner from 2nd tries for 3rd, SAFE, throw by RF made to third
|
|
Batting: RHB Dale Murphy
|
0-0: Ball 1-0: Ball Kirk Gibson steals 2nd base (no throw) 2-0: Called Strike 2-1: Ball 3-1: Swinging Strike 3-2: Strikes out swinging
|
|
Batting: RHB Dave Winfield
|
0-0: Foul Ball, location: 2F 0-1: Ball 1-1: Ground out U3 (Groundball, 34, EV 108.1 MPH)
|
| Bottom of the 3rd over - 0 runs, 2 hits, 0 errors, 2 left on base; St. Louis 0 - Montreal 0 |
| TOP OF THE 4TH |
|
St. Louis Cardinals batting - Pitching for Montreal Expos : RHP Antonio Atayde
|
|
Batting: LHB Jim Gantner
|
0-0: Ground out 6-3 (Groundball, 6, EV 82.5 MPH)
|
|
Batting: RHB Sixto Lezcano
|
0-0: SOLO HOME RUN (Flyball, 7D, EV 87.5 MPH), Distance : 374 ft
|
|
Batting: LHB Pat Putnam
|
0-0: Ball 1-0: Called Strike 1-1: Swinging Strike 1-2: Ball 2-2: Reached on error, E6 (Groundball, 6M, EV 91.9 MPH)
|
|
Batting: RHB Bob Watson
|
0-0: Ball 1-0: Called Strike 1-1: Swinging Strike 1-2: Strikes out swinging
|
|
Batting: LHB Mike Davis
|
0-0: Called Strike 0-1: Swinging Strike 0-2: Ball 1-2: Foul Ball, location: 2F 1-2: Foul Ball, location: 2F 1-2: Ball 2-2: Ball 3-2: Ground out U3 (Groundball, 13, EV 80.6 MPH)
|
| Top of the 4th over - 1 run, 1 hit, 1 error, 1 left on base; St. Louis 1 - Montreal 0 |
| BOTTOM OF THE 4TH |
|
Montreal Expos batting - Pitching for St. Louis Cardinals : RHP Tom Candiotti
|
|
Batting: LHB Timnothy Meyer
|
0-0: Ball 1-0: Ball 2-0: Fly out, F9 (Flyball, 89XD, EV 95.6 MPH)
|
|
Batting: LHB Ernesto Quevedo
|
0-0: Fly out, F5 (Line Drive, 5, EV 73.1 MPH)
|
|
Batting: SHB Biff Pocoroba
|
0-0: Foul Ball, location: 2F 0-1: Swinging Strike 0-2: Ball 1-2: Foul Ball, location: 2F 1-2: SINGLE (Line Drive, 34D, EV 99.4 MPH)
|
|
Batting: RHB Antonio Atayde
|
0-0: Swinging Strike 0-1: Ball 1-1: Ball 2-1: Foul Ball, location: 2F 2-2: Foul Ball, location: 2F 2-2: Fielders Choice at 2nd, 6-4 (Groundball, 6, EV 82.5 MPH)
|
| Bottom of the 4th over - 0 runs, 1 hit, 0 errors, 1 left on base; St. Louis 1 - Montreal 0 |
| TOP OF THE 5TH |
|
St. Louis Cardinals batting - Pitching for Montreal Expos : RHP Antonio Atayde
|
|
Batting: RHB Joe Torre
|
0-0: Foul Ball, location: 2F 0-1: Ball 1-1: Ground out 5-3 (Groundball, 56, EV 87.5 MPH)
|
|
Batting: SHB Billy E Smith
|
0-0: Called Strike 0-1: Swinging Strike 0-2: Foul Ball, location: 2F 0-2: Ball 1-2: Ball 2-2: Ball 3-2: Strikes out swinging
|
|
Batting: RHB Tom Candiotti
|
0-0: Called Strike 0-1: Foul Ball, location: 2F 0-2: Ball 1-2: Foul Ball, location: 2F 1-2: Ball 2-2: Foul Ball, location: 2F 2-2: Foul Ball, location: 2F 2-2: Foul Ball, location: 2F 2-2: Ball 3-2: Ground out 1-3 (Groundball, 23, EV 69.4 MPH)
|
| Top of the 5th over - 0 runs, 0 hits, 0 errors, 0 left on base; St. Louis 1 - Montreal 0 |
| BOTTOM OF THE 5TH |
|
Montreal Expos batting - Pitching for St. Louis Cardinals : RHP Tom Candiotti
|
|
Batting: LHB Duane Walker
|
0-0: Ball 1-0: Swinging Strike 1-1: Ball 2-1: Foul Ball, location: 2F 2-2: Ball 3-2: Foul Ball, location: 2F 3-2: Base on Balls
|
|
Batting: SHB Garry Templeton
|
0-0: Called Strike 0-1: Ball 1-1: Ball 2-1: Foul Ball, location: 2F 2-2: Ball 3-2: Base on Balls Duane Walker to second
|
|
Batting: LHB Kirk Gibson
|
0-0: Ball 1-0: Called Strike 1-1: Ball 2-1: Foul Ball, location: 2F 2-2: Foul Ball, location: 2F 2-2: Foul Ball, location: 2F 2-2: Ball 3-2: Strikes out swinging
|
|
Batting: RHB Dale Murphy
|
0-0: Called Strike Duane Walker steals 3rd base Garry Templeton to second 0-1: Called Strike 0-2: Ball 1-2: Ball 2-2: Strikes out swinging
|
|
Batting: RHB Dave Winfield
|
0-0: Called Strike 0-1: Foul Ball, location: 2F 0-2: Ball 1-2: Ball 2-2: Fly out, F8 (Flyball, 89M, EV 85.0 MPH)
|
| Bottom of the 5th over - 0 runs, 0 hits, 0 errors, 2 left on base; St. Louis 1 - Montreal 0 |
| TOP OF THE 6TH |
|
St. Louis Cardinals batting - Pitching for Montreal Expos : RHP Antonio Atayde
|
|
Batting: SHB Otis Nixon
|
0-0: Called Strike 0-1: Called Strike 0-2: Ball 1-2: Foul Ball, location: 2F 1-2: Ball 2-2: Fly out, F2 (Popup, 15S, EV 80.6 MPH)
|
|
Batting: LHB Jim Gantner
|
0-0: Fly out, F6 (Flyball, 6D, EV 96.9 MPH)
|
|
Batting: RHB Sixto Lezcano
|
0-0: Ball 1-0: Ball 2-0: Ground out 5-3 (Groundball, 56, EV 90.0 MPH)
|
| Top of the 6th over - 0 runs, 0 hits, 0 errors, 0 left on base; St. Louis 1 - Montreal 0 |
| BOTTOM OF THE 6TH |
|
Montreal Expos batting - Pitching for St. Louis Cardinals : RHP Tom Candiotti
|
|
Pitching: LHP Jeff Little
|
|
|
Batting: LHB Timnothy Meyer
|
0-0: Ball 1-0: Fly out, F7 (Flyball, 7D, EV 101.9 MPH)
|
|
Batting: LHB Ernesto Quevedo
|
0-0: Swinging Strike 0-1: SINGLE (Groundball, 6D, EV 96.9 MPH)
|
|
Batting: SHB Biff Pocoroba
|
0-0: Ball Ernesto Quevedo steals 2nd base 1-0: DOUBLE (Flyball, 89D, EV 93.1 MPH) Ernesto Quevedo scores
|
|
Batting: RHB Antonio Atayde
|
0-0: Ball 1-0: Swinging Strike 1-1: Called Strike 1-2: Strikes out swinging
|
|
Batting: LHB Duane Walker
|
0-0: Called Strike 0-1: DOUBLE (Line Drive, 9LS, EV 103.1 MPH) Biff Pocoroba scores
|
|
Batting: SHB Garry Templeton
|
0-0: Ball 1-0: SINGLE (Line Drive, 89M, EV 101.9 MPH) Duane Walker to third Runner from 3rd tries for Home, SAFE, throw by RF to home
|
|
Pitching: RHP Larry Andersen
|
|
|
Batting: LHB Kirk Gibson
|
0-0: Ball Garry Templeton steals 2nd base 1-0: Foul Ball, location: 2F 1-1: Swinging Strike 1-2: Foul Ball, location: 2F 1-2: Ground out 4-3 (Groundball, 4D, EV 81.3 MPH)
|
| Bottom of the 6th over - 3 runs, 4 hits, 0 errors, 1 left on base; St. Louis 1 - Montreal 3 |
| TOP OF THE 7TH |
|
St. Louis Cardinals batting - Pitching for Montreal Expos : RHP Antonio Atayde
|
|
Batting: LHB Pat Putnam
|
0-0: Ball 1-0: Ball 2-0: Called Strike 2-1: Foul Ball, location: 2F 2-2: Ball 3-2: Foul Ball, location: 2F 3-2: Fly out, F7 (Flyball, 7LS, EV 78.8 MPH)
|
|
Batting: RHB Bob Watson
|
0-0: Fly out, F8 (Flyball, 8LXD, EV 79.4 MPH)
|
|
Batting: LHB Mike Davis
|
0-0: Ball 1-0: Ball 2-0: Called Strike 2-1: Foul Ball, location: 2F 2-2: Strikes out swinging
|
| Top of the 7th over - 0 runs, 0 hits, 0 errors, 0 left on base; St. Louis 1 - Montreal 3 |
| BOTTOM OF THE 7TH |
|
Montreal Expos batting - Pitching for St. Louis Cardinals : RHP Larry Andersen
|
|
Batting: RHB Dale Murphy
|
0-0: Ball 1-0: Fly out, F7 (Flyball, 7, EV 78.1 MPH)
|
|
Batting: RHB Dave Winfield
|
0-0: Ball 1-0: Called Strike 1-1: Foul Ball, location: 2F 1-2: Ball 2-2: Foul Ball, location: 2F 2-2: Ball 3-2: Foul Ball, location: 2F 3-2: Foul Ball, location: 2F 3-2: Ground out 4-3 (Groundball, 4S, EV 65.0 MPH)
|
|
Batting: LHB Timnothy Meyer
|
0-0: Ground out U3 (Groundball, 3L, EV 97.5 MPH)
|
| Bottom of the 7th over - 0 runs, 0 hits, 0 errors, 0 left on base; St. Louis 1 - Montreal 3 |
| TOP OF THE 8TH |
|
St. Louis Cardinals batting - Pitching for Montreal Expos : RHP Antonio Atayde
|
|
Batting: RHB Joe Torre
|
0-0: Called Strike 0-1: Ball 1-1: Fly out, F9 (Flyball, 9LM, EV 95.0 MPH)
|
|
Batting: SHB Billy E Smith
|
0-0: Called Strike 0-1: Foul Ball, location: 2F 0-2: Ground out 4-3 (Groundball, 34D, EV 85.6 MPH)
|
|
Pinch Hitting: LHB Mark Hildebrand
|
0-0: Ball 1-0: Called Strike 1-1: Ball 2-1: Foul Ball, location: 2F 2-2: Strikes out looking
|
| Top of the 8th over - 0 runs, 0 hits, 0 errors, 0 left on base; St. Louis 1 - Montreal 3 |
| BOTTOM OF THE 8TH |
|
Montreal Expos batting - Pitching for St. Louis Cardinals : RHP Larry Andersen
|
|
Pitching: RHP Robert Arnold
|
|
|
Batting: LHB Ernesto Quevedo
|
0-0: Ball 1-0: Ground out 6-3 (Groundball, 6M, EV 88.1 MPH)
|
|
Batting: SHB Biff Pocoroba
|
0-0: Foul Ball, location: 2F 0-1: Ball 1-1: Ball 2-1: Foul Ball, location: 2F 2-2: Strikes out swinging
|
|
Batting: RHB Antonio Atayde
|
0-0: Called Strike 0-1: DOUBLE (Line Drive, 78D, EV 103.1 MPH)
|
|
Batting: LHB Duane Walker
|
0-0: Ball 1-0: Called Strike 1-1: Ball 2-1: Foul Ball, location: 2F 2-2: Ball 3-2: Base on Balls
|
|
Batting: SHB Garry Templeton
|
0-0: Fly out, F8 (Flyball, 8RS, EV 80.0 MPH)
|
| Bottom of the 8th over - 0 runs, 1 hit, 0 errors, 2 left on base; St. Louis 1 - Montreal 3 |
| TOP OF THE 9TH |
|
St. Louis Cardinals batting - Pitching for Montreal Expos : RHP Antonio Atayde
|
|
Now at 2B: Alex Ortiz
|
|
|
Now in LF: Guonçalo Fernandes
|
|
|
Now in RF: Luis Sanchez
|
|
|
Batting: SHB Otis Nixon
|
0-0: Swinging Strike 0-1: Foul Ball, location: 2F 0-2: Strikes out swinging, 2-3 out at first.
|
|
Batting: LHB Jim Gantner
|
0-0: Ball 1-0: Ground out 3-1 (Groundball, 34, EV 87.5 MPH)
|
|
Batting: RHB Sixto Lezcano
|
0-0: Foul Ball, location: 2F 0-1: Ball 1-1: Fly out, F9 (Flyball, 89D, EV 99.4 MPH)
|
| Top of the 9th over - 0 runs, 0 hits, 0 errors, 0 left on base; St. Louis 1 - Montreal 3 |
|